AoeStats
← skittledik

Black Forest

504829590Analyzed
4v4 RM · 27d ago on Sep 6, 2026· 80m 52s· 8 players
Game mode
Random Map
Map size
Large (8 player)
Population
200
Speed
Normal
Resources
Standard
Victory
Conquest
Starting age
Dark Age
Ending age
Imperial Age
RankedLock teamsTeams togetherTeam positionsShared explorationLock speedFull tech treeHidden civsTurbo modeCheats
Victory
Defeat
🇺🇸 Byzantines · United States
931
+13
🇪🇸 Franks · Spain
903
+14
🇬🇧 Britons · United Kingdom
903
+20
🇨🇱 Jurchens · Chile
882
+15
🇹🇷 Slavs · Türkiye
964
-19
🇨🇦 Vikings · Canada
859
-14
🇹🇷 Turks · Türkiye
827
-13
🇨🇦 Britons · Canada
765
-10
Chico_Migraña
0:43 Loom
12:29 Feudal Age
16:45 Castle Age
17:56 Gold Mining
19:21 Horse Collar
21:23 Wheelbarrow
20:44 Town Watch
21:46 Double-Bit Axe
24:02 Gold Shaft Mining
26:27 Caravan
27:01 Heavy Plow
29:14 Bow Saw
29:06 Stone Mining
29:19 Fletching
30:53 Town Patrol
31:19 Hand Cart
32:50 Bodkin Arrow
35:27 Imperial Age
33:55 Fortified Bastions
34:09 Treadmill Crane
34:34 Siege Engineers
34:50 Ballistics
35:01 Scale Barding Armor
35:07 Forging
35:02 Padded Archer Armor
36:31 Stone Shaft Mining
36:12 Bracer
37:14 Chemistry
36:36 Chain Barding Armor
35:39 Heavy Rocket Cart
36:55 Conscription
37:23 Crop Rotation
37:57 Two-Man Saw
37:15 Masonry
37:41 Fortified Wall
38:52 Hoardings
38:35 Leather Archer Armor
39:23 Bloodlines
39:14 Husbandry
40:16 Two-Man Saw
39:54 Plate Barding Armor
39:55 Iron Casting
40:52 Ring Archer Armor
40:22 Scale Mail Armor
40:57 Architecture
40:24 Murder Holes
40:39 Arrowslits
43:44 Capped Ram
43:46 Heavy Scorpion
44:36 Elite Iron Pagoda
46:20 Blast Furnace
46:02 Chain Mail Armor
45:26 Siege Ram
47:08 Thunderclap Bombs
63:37 Light Cavalry
71:49 Hussar
b3z1294
2:43 Loom
17:57 Feudal Age
22:55 Castle Age
21:39 Double-Bit Axe
24:52 Bow Saw
31:46 Elite Skirmisher
32:20 Fletching
39:26 Imperial Age
37:38 Wheelbarrow
37:17 Padded Archer Armor
38:56 Gold Mining
40:30 Horse Collar
41:54 Two-Man Saw
42:31 Heavy Plow
42:13 Elite Cataphract
44:28 Caravan
44:35 Bodkin Arrow
44:57 Leather Archer Armor
46:28 Crop Rotation
48:50 Bracer
50:51 Crossbowman
51:38 Thumb Ring
54:15 Arbalester
59:04 Guilds
59:24 Coinage
59:24 Hand Cart
62:48 Greek Fire
63:40 Capped Ram
68:14 Gold Shaft Mining
67:30 Stone Mining
68:51 Husbandry
69:18 Ballistics
69:59 Chemistry
69:23 Siege Ram
70:39 Banking
76:29 Forging
76:25 Scale Barding Armor
76:51 Ring Archer Armor
79:56 Iron Casting
79:42 Chain Barding Armor
79:23 Scale Mail Armor
juanam86
8:48 Loom
12:48 Feudal Age
16:54 Castle Age
15:41 Double-Bit Axe
24:29 Fletching
25:06 Bow Saw
26:20 Wheelbarrow
30:58 Imperial Age
28:55 Forging
29:39 Husbandry
30:38 Hand Cart
31:41 Iron Casting
33:59 Blast Furnace
33:05 Scale Barding Armor
33:31 Cavalier
35:47 Chivalry
36:29 Elite Throwing Axeman
38:05 Chivalry
38:25 Conscription
44:43 Heavy Scorpion
50:18 Light Cavalry
51:58 Chain Barding Armor
51:34 Bodkin Arrow
51:39 Padded Archer Armor
57:16 Paladin
Nano
8:11 Loom
10:03 Feudal Age
11:45 Wheelbarrow
11:18 Double-Bit Axe
19:25 Castle Age
18:05 Horse Collar
20:24 Heavy Plow
24:31 Crossbowman
27:59 Caravan
30:22 Padded Archer Armor
30:12 Fletching
32:12 Bow Saw
37:38 Imperial Age
36:55 Hand Cart
37:04 Leather Archer Armor
36:45 Bodkin Arrow
37:57 Yeomen
39:47 Conscription
38:54 Elite Longbowman
41:05 Chemistry
41:37 Hoardings
40:55 Arbalester
43:15 Ring Archer Armor
42:53 Bracer
44:02 Ballistics
49:22 Masonry
60:07 Architecture
60:40 Two-Man Saw
77:08 Siege Engineers
76:59 Murder Holes
skittledik
6:35 Loom
16:49 Feudal Age
17:13 Man-at-Arms
21:42 Double-Bit Axe
21:39 Horse Collar
21:54 Gold Mining
21:54 Stone Mining
28:04 Castle Age
28:03 Arson
28:55 Long Swordsman
29:22 Gambesons
29:38 Squires
30:22 Scale Mail Armor
30:34 Forging
30:38 Long Swordsman
31:04 Gambesons
31:19 Squires
35:38 Chieftains
35:50 Pikeman
46:28 Bow Saw
49:59 Heavy Plow
53:44 Iron Casting
53:25 Chain Mail Armor
55:45 Imperial Age
57:22 Plate Mail Armor
57:53 Blast Furnace
56:44 Fletching
56:24 Two-Handed Swordsman
59:32 Crop Rotation
59:57 Conscription
60:52 Champion
64:10 Capped Ram
66:41 Two-Man Saw
CDIGZ
7:25 Loom
14:25 Feudal Age
14:53 Double-Bit Axe
15:49 Wheelbarrow
16:28 Horse Collar
24:45 Castle Age
24:05 Gold Mining
24:09 Stone Mining
25:11 Fletching
27:45 Bow Saw
31:51 Ballistics
31:47 Heavy Plow
32:13 Hand Cart
32:55 Bodkin Arrow
33:00 Padded Archer Armor
38:05 Imperial Age
35:53 Pikeman
36:35 Squires
37:34 Town Watch
39:10 Conscription
42:04 Caravan
42:15 Town Patrol
43:26 Two-Man Saw
42:43 Forging
42:37 Bracer
43:36 Yeomen
43:41 Leather Archer Armor
43:49 Warwolf
45:00 Elite Longbowman
46:19 Halberdier
46:45 Arson
47:34 Ring Archer Armor
47:15 Forging
47:05 Scale Mail Armor
55:24 Chemistry
54:31 Siege Engineers
54:47 Masonry
54:51 Fortified Wall
54:37 Murder Holes
55:30 Iron Casting
55:10 Chain Mail Armor
61:52 Architecture
68:33 Elite Skirmisher
70:29 Blast Furnace
69:59 Plate Mail Armor
69:35 Scale Barding Armor
cagatai
12:14 Feudal Age
16:59 Castle Age
15:20 Double-Bit Axe
16:27 Stone Mining
16:19 Horse Collar
21:13 Heavy Plow
26:12 Wheelbarrow
25:56 Gold Mining
27:43 Detinets
31:13 Imperial Age
29:18 Town Watch
29:23 Loom
31:08 Gold Shaft Mining
30:13 Pikeman
31:22 Scale Mail Armor
31:13 Fletching
31:23 Padded Archer Armor
32:19 Squires
32:56 Conscription
34:48 Crop Rotation
36:31 Chain Mail Armor
36:27 Forging
37:12 Capped Ram
37:59 Husbandry
38:51 Masonry
39:01 Ballistics
40:25 Hand Cart
41:09 Hoardings
41:19 Plate Mail Armor
43:05 Iron Casting
42:36 Scale Barding Armor
42:32 Bodkin Arrow
42:53 Leather Archer Armor
42:44 Druzhina
42:04 Elite Boyar
43:21 Bloodlines
44:16 Chain Barding Armor
44:18 Heavy Scorpion
45:04 Light Cavalry
50:54 Halberdier
53:35 Plate Barding Armor
53:31 Ring Archer Armor
53:46 Murder Holes
54:02 Fortified Wall
55:26 Iron Casting
61:38 Chemistry
60:43 Elite Skirmisher
ysf5353
0:26 Loom
14:14 Feudal Age
15:33 Wheelbarrow
14:46 Double-Bit Axe
14:43 Horse Collar
15:33 Stone Mining
15:34 Gold Mining
17:39 Town Watch
22:09 Castle Age
20:18 Arson
27:33 Gold Mining
27:46 Caravan
30:12 Hand Cart
29:57 Town Patrol
30:44 Fortified Wall
33:03 Town Patrol
36:14 Imperial Age
34:20 Town Patrol
37:04 Fletching
37:14 Padded Archer Armor
37:46 Bow Saw
38:03 Bodkin Arrow
38:31 Treadmill Crane
39:02 Masonry
40:03 Conscription
41:45 Forging
41:35 Scale Mail Armor
42:00 Ballistics
41:31 Guard Tower
43:06 Sipahi
42:16 Sappers
43:22 Hoardings
43:42 Sappers
44:48 Hoardings
47:12 Hoardings
47:48 Artillery
49:28 Iron Casting
48:53 Bracer
48:54 Padded Archer Armor
48:54 Scale Mail Armor
49:00 Scale Barding Armor
55:43 Hoardings
56:12 Heavy Scorpion
58:13 Guard Tower
65:38 Capped Ram
66:29 Heated Shot
67:33 Heavy Plow
68:53 Bombard Tower
68:18 Arrowslits
69:47 Two-Man Saw
70:29 Gold Shaft Mining
71:33 Arrowslits
72:23 Keep
72:19 Architecture
74:40 Heavy Camel Rider
76:06 Husbandry
76:17 Bloodlines
Connection lost

Rejoining the realm…

Still unreachable

The connection could not be restored.

Session expired

The server has moved on; the page needs a fresh start.